 Dungeon Crawl Stone Soup version 0.30-a0-585-g93115170b9 (webtiles) character file.

Game seed: 9936254871777792387

1 drugrobin the Sneak (level 1, -2/18 HPs)
             Began as a Demigod Delver on Jan 2, 2023.
             Slain by a hound (5 damage)
             ... on level 3 of the Dungeon.
             The game lasted 00:01:02 (102 turns).

drugrobin the Sneak (Demigod Delver)                 Turns: 102, Time: 00:01:02

Health: -2/18      AC:  3    Str: 13    XL:     1   Next: 13%
Magic:  3/3        EV: 11    Int: 12    God:
Gold:   0          SH:  0    Dex: 15    Spells: 0/0 levels left

rFire   . . .      SeeInvis .    a - +0 falchion
rCold   . . .      Faith    .    (no shield)
rNeg    . . .      Spirit   .    b - +0 leather armour
rPois   .          Reflect  .    (no helmet)
rElec   .          Harm     .    (no cloak)
rCorr   .          Rampage  .    (no gloves)
Will    .....                    (no boots)
Stlth   +++                      (no amulet)
HPRegen 0.23/turn                (no ring)
MPRegen 0.08/turn                (no ring)

@: no status effects
A: high MP 1, forlorn, divine attributes
a: no special abilities


You were on level 3 of the Dungeon.
You visited 1 branch of the dungeon, and saw 3 of its levels.

Inventory:

Hand Weapons
 a - a +0 falchion (weapon)
Armour
 b - a +0 leather armour (worn)
Wands
 g - a wand of digging (3)
Scrolls
 c - a scroll of fog
 d - a scroll of magic mapping
 e - a scroll of fear
Potions
 f - a potion of haste


   Skills:
 - Level 2.6 Fighting
 + Level 1.9 Long Blades
 - Level 1.7 Dodging
 - Level 4.5 Stealth


You couldn't memorise any spells.
You didn't know any spells.
Your spell library was empty.

Dungeon Overview and Level Annotations

Branches:
Dungeon (5/15)
 Temple: D:4-7


Innate Abilities, Weirdness & Mutations

You have an increased reservoir of magic. (+10% MP)
You shall have no god before yourself.
Your divine heritage dramatically boosts your attributes as you level up.


Message History

Unknown command.
Unknown command.
Unknown command.
Unknown command.
Found a stone.
The hound bites you.
Unknown command.
Unknown command.
The endoplasm attacks as you move away!
The endoplasm hits you but does no damage.
The hound attacks as you move away! The hound bites you but does no damage.
The hound bites you.
Unknown command.
Unknown command.
A goblin comes into view. It is wielding a +0 dagger.
Unknown command.
Unknown command.
Unknown command.
The hound bites you.
Unknown command.
Unknown command.
Unknown command.
The goblin shouts!
You hear an angry hiss.
Unknown command.
Unknown command.
The hound bites you but does no damage. The goblin closely misses you.
Unknown command.
You closely miss the goblin. The hound closely misses you.
The goblin closely misses you. The hound closely misses you.
Unknown command.
You miss the goblin. The hound barely misses you.
The goblin hits you with a +0 dagger.
An adder comes into view.
Unknown command.
You hit the goblin.
You kill the goblin!
The hound stops to sniff the ground.
The hound bites you.
* * * LOW HITPOINT WARNING * * *
The hound bites you.
You die...

.####
####.#..
#h#####..(..#
#...h...#...#
#...# ##.##
#.# #
#.####S##
#.Jh@)..#
######..# .#
#


You could see a hound, an adder and an endoplasm.

Vanquished Creatures
  A kobold (D:4)
  A goblin (D:3)
2 creatures vanquished.

Notes
Turn   | Place    | Note
-------+----------+-------------------------------------------
     0 | D:5      | drugrobin the Demigod Delver began the quest for the Orb.
     0 | D:5      | Reached XP level 1. HP: 18/18 MP: 3/3
    58 | D:4      | Noticed an iguana
    63 | D:4      | Noticed an ogre
    82 | D:4      | Noticed a hound
   102 | D:3      | Slain by a hound

Illustrated notes

Levels and vault maps discovered:
D:3:      layout_loops_ring, vehumet_altar_wand_db,
          nicolae_tso_carved_into_rock, makhleb_altar_promises_db,
          minmay_misc_feat_roman, kennysheep_generic_room_12
D:4:      layout_layer_cave, st_stairs_6, uniq_duvessa, uniq_natasha,
          uniq_menkaure
D:5:      layout_rooms, nicolae_overflow_hidden_temple

Action                   || total
-------------------------++-------
Melee: Falchion          ||     4
Armor: Leather armour    ||     5
Dodge: Dodged            ||    10

Table legend: (Time is in decaauts)
 A = Elapsed time spent in this place.
 B = Non-inter-level travel time spent in this place.
 C = Inter-level travel time spent in this place.
 D = Time resting spent in this place.
 E = Time spent auto-exploring this place.
 F = Levels seen in this place.
 G = Mean time per level.
                   A        B        C        D        E       F      G
               +--------+--------+--------+--------+--------+-----+--------+
         Total |    102 |    102 |      0 |      5 |     12 |   3 |   34.0 |
       Dungeon |    102 |    102 |      0 |      5 |     12 |   3 |   34.0 |
               +--------+--------+--------+--------+--------+-----+--------+

Top non-repeatable levels by time:
     D:4: 73 daAuts
     D:5: 20 daAuts
     D:3: 9 daAuts
